 Dungeon Crawl Stone Soup version 0.31-a0-149-g3fdcc5976a (webtiles) character file.

Game seed: 1576481544271933484

40595 pokeman the Eclecticist (level 13, -17/72 HPs)
             Began as a Deep Elf Hedge Wizard on June 8, 2023.
             Was an Elder of Vehumet.
             Killed from afar by a fire dragon (50 damage)
             ... with a blast of flame
             ... on level 15 of the Dungeon.
             The game lasted 00:44:27 (16847 turns).

pokeman the Eclecticist (Deep Elf Hedge Wizard)    Turns: 16847, Time: 00:44:28

Health: -17/72     AC:  8    Str:  7    XL:     13   Next: 75%
Magic:  31/38      EV: 12    Int: 26    God:    Vehumet [****..]
Gold:   597        SH:  0    Dex: 17    Spells: 18/51 levels left

rFire   . . .        t - +2 Maxwell's thermic engine {flame, freeze, rev}
rCold   . . .        (no shield)
rNeg    . . .        e - +1 leather armour "Agucvaeq" {Fly rPois Regen+ Int-2}
rPois   +            w - +1 helmet
rElec   +            (no cloak)
rCorr   +            u - +0 pair of gloves
SInv    +            (no boots)
Will    +....        q - amulet of magic regeneration
Stlth   ++           f - ring of resist corrosion
HPRegen 1.12/turn    n - ring "Onum" {rElec Int+3 Dex+3 SInv}
MPRegen 0.66/turn

%: no passive effects
@: flying
A: no striking features
a: Renounce Religion


You were on level 15 of the Dungeon.
You worshipped Vehumet.
Vehumet was greatly pleased with you.
You visited 2 branches of the dungeon, and saw 16 of its levels.

You collected 991 gold pieces.
You spent 394 gold pieces at shops.

Inventory:

Hand Weapons
 t - the +2 Maxwell's thermic engine (weapon) {flame, freeze, rev}
   (You found it on level 13 of the Dungeon)
 C - a +2 dagger of venom
Missiles
 E - 2 throwing nets
Armour
 a - a +3 leather armour
 e - the +1 leather armour "Agucvaeq" (worn) {Fly rPois Regen+ Int-2}
   (You found it on level 13 of the Dungeon)

   Int:       It affects your intelligence (-2).
   rPois:     It protects you from poison.
   Fly:       It grants you flight.
   Regen:     It increases your rate of health regeneration.
 h - +0 acid dragon scales
 m - an orb of light
 u - a +0 pair of gloves (worn)
 w - a +1 helmet (worn)
 M - a +1 robe of cold resistance
 O - a +1 kite shield of protection
Magical Staves
 K - a staff of cold
Jewellery
 c - a ring of poison resistance
 f - a ring of resist corrosion (left hand)
 n - the ring "Onum" (right hand) {rElec Int+3 Dex+3 SInv}
   (You found it on level 3 of the Dungeon)

   [ring of see invisible]

   Int:       It affects your intelligence (+3).
   Dex:       It affects your dexterity (+3).
   rElec:     It insulates you from electricity.
   SInv:      It lets you see invisible.
 q - an amulet of magic regeneration (around neck)
Wands
 b - a wand of flame (9)
 A - a wand of polymorph (13)
 N - a wand of light (11)
Scrolls
 g - a scroll of silence
 i - 4 scrolls of teleportation
 o - a scroll of fear
 p - 2 scrolls of poison
 r - a scroll of enchant armour
 s - 2 scrolls of fog
 v - 3 scrolls of magic mapping
 P - 2 scrolls of blinking
Potions
 d - 2 potions of magic
 j - 11 potions of curing
 k - 6 potions of heal wounds
 l - a potion of berserk rage
 z - a potion of might {unknown}
 B - a potion of haste {unknown}


   Skills:
 - Level 5.0 Fighting
 - Level 5.0 Armour
 - Level 3.1 Dodging
 - Level 3.0 Stealth
 + Level 5.1 Shields
 * Level 19.6 Spellcasting
 + Level 11.9 Conjurations
 - Level 1.1 Summonings
 - Level 1.0 Necromancy
 - Level 1.1 Translocations
 + Level 7.2 Fire Magic
 - Level 1.0 Ice Magic
 - Level 1.0 Air Magic
 - Level 9.0 Earth Magic
 - Level 1.0 Poison Magic
 - Level 1.2 Evocations


You had 18 spell levels left.
You knew the following spells:

 Your Spells              Type           Power      Damage    Failure   Level
a - Magic Dart            Conj           100%       1d8       0%          1
b - Mephitic Cloud        Conj/Pois/Air  49%        N/A       1%          3
c - Call Imp              Summ           62%        N/A       2%          2
d - Blink                 Tloc           62%        N/A       2%          2
e - Foxfire               Conj/Fire      100%       2x1d9     1%          1
f - Fireball              Conj/Fire      33%        3d14      1%          5
g - Stone Arrow           Conj/Erth      100%       3d13      1%          3
h - Starburst             Conj/Fire      33%        6d10      1%          6
i - Iskenderun's Mystic   Conj/Tloc      56%        2d12      1%          4
j - Plasma Beam           Fire/Air       23%        2x1d35    17%         6

Your spell library contained the following spells:

 Spells                   Type           Power      Damage    Failure   Level
 Frozen Ramparts          Ice            62%        1d10      1%          3
 Apportation              Tloc           62%        N/A       1%          1
 Kiss of Death            Conj/Necr      100%       2d13      1%          1
 Sandblast                Erth           100%       2d20      1%          1
 Summon Small Mammal      Summ           100%       N/A       1%          1
 Passwall                 Tmut/Erth      40%        N/A       1%          2
 Dazzling Flash           Conj/Hex       100%       N/A       1%          3
 Hailstorm                Conj/Ice       56%        3d12      1%          3
 Volatile Blastmotes      Fire/Tloc      94%        2d17      1%          3
 Slow                     Hex            100%       N/A       2%          1
 Cigotuvi's Dreadful Rot  Necr/Pois/Air  60%        N/A       2%          2
 Call Canine Familiar     Summ           31%        N/A       4%          3
 Summon Guardian Golem    Hex/Summ       28%        N/A       6%          3
 Confusing Touch          Hex            25%        N/A       7%          3
 Dispel Undead            Necr           30%        3d14      16%         4
 Ice Form                 Ice/Tmut       28%        N/A       19%         4
 Alistair's Intoxication  Tmut/Pois      18%        N/A       47%         5
 Simulacrum               Ice/Necr       15%        N/A       94%         6


Dungeon Overview and Level Annotations

Branches:
Dungeon (15/15)            Temple (1/1) D:7            Lair (0/5) D:8
    Orc (0/2) D:9          Vaults (0/5) D:14
 Depths: D:15

Altars:
Ashenzari
Cheibriados
Elyvilon
Fedhas
Gozag
Hepliaklqana
Kikubaaqudgha
Nemelex Xobeh
Okawaru
Qazlal
Ru
Trog
Uskayaw
Vehumet
Wu Jian
Xom
Yredelemnul
The Shining One
Lugonu

Shops:
D:4 !   D:7 [   D:9 ?   D:14 *   D:15 ?

Annotations:
D:12 2 transporters
D:15 Jorgrun


Message History

The fire dragon roars deafeningly!
Unknown command.
Casting: Starburst (dangerous; 1% risk of failure)
Confirm with . or Enter, or press ? or * to list all spells.
The spell is quite dangerous to miscast (17% risk of failure)!
Continue anyway?
Okay, then.
Unknown command.
Unknown command.
Unknown command.
You start waiting.
A fire dragon is nearby!
Casting: Plasma Beam (quite dangerous; 17% risk of failure)
Confirm with . or Enter, or press ? or * to list all spells.
Aiming: Stone Arrow (safe; 1% risk of failure)
Press: ? - help, Shift-Dir - straight line, f - fire dragon
Aim: a fire dragon (water, 84% to hit)
The stone arrow hits the fire dragon!
The fire dragon is lightly wounded.
Unknown command.
Casting: Stone Arrow (safe; 1% risk of failure)
Confirm with . or Enter, or press ? or * to list all spells.
Aiming: Stone Arrow (safe; 1% risk of failure)
Press: ? - help, Shift-Dir - straight line, f/p - fire dragon
Aim: a fire dragon (lightly wounded, 84% to hit)
The stone arrow hits the fire dragon!
The fire dragon is lightly wounded.
The fire dragon breathes flames at you. The blast of flame hits you!!!
Ouch! That really hurt!
Casting: Stone Arrow (safe; 1% risk of failure)
Confirm with . or Enter, or press ? or * to list all spells.
Aiming: Stone Arrow (safe; 1% risk of failure)
Press: ? - help, Shift-Dir - straight line, f/p - fire dragon
Aim: a fire dragon (lightly wounded, 84% to hit)
The stone arrow hits the fire dragon!
The fire dragon is moderately wounded.
The fire dragon breathes flames at you. The blast of flame hits you!!!
Ouch! That really hurt!
You die...

................### #...#
...........##.....####'#.########
#.........#####.....#≈.≈..##.....
#........## #.##.#≈≈.≈≈#.......
##.......# ###.#.)+..∩..'.......
##.#...#####....##D≈≈.≈≈#.......
#.....##.......#.##≈.≈.........
##............#.####+..).......
#............@## #..D........
##.#..........## ###.........
#............. ..#.!........
##...<........# #†...........
#.<........... #.†####........
#............. c.( ##.......
#............ .. ##..####
...........## #### ##........##


You could see a fire dragon (catching breath).

Vanquished Creatures
  Nessos (D:12)
  Josephine (D:12)
  5 vault guards (D:14)
  4 hydras
  2 death knights
  6 centaur warriors
  A boulder beetle (D:11)
  4 two-headed ogres
  2 tengu warriors (D:8)
  Nergalle (D:12)
  6 skeletal warriors
  2 deep elf pyromancers
  A wizard (D:14)
  An orc sorcerer (D:14)
  3 ugly things
  5 cyclopes
  2 manticores
  The ghost of pokeman the Thaumaturge, a novice DEHW (D:5)
  A gargoyle (D:14)
  A rime drake (shapeshifter) (D:15)
  A freezing wraith (D:13)
  A komodo dragon (D:8)
  A kobold demonologist (D:9)
  A meliai (D:14)
  6 trolls
  A hornet (shapeshifter) (D:15)
  A tarantella (shapeshifter) (D:14)
  Grinder (D:5)
  Sigmund (D:6)
  10 slime creatures
  A shadow (D:8)
  5 wyverns
  A basilisk (D:15)
  6 wraiths
  Eustachio (D:6)
  A vampire mosquito (D:8)
  20 yaks
  2 steam dragons (D:10)
  4 acid dragons
  2 ice beasts
  A water moccasin (D:6)
  3 orc warriors
  A black bear (D:5)
  4 sky beasts
  An ogre (D:6)
  An ogre (shapeshifter) (D:14)
  7 centaurs
  3 bullfrogs
  4 kobold brigands
  4 scorpions
  A gnoll sergeant (D:7)
  12 wights
  3 killer bees (D:7)
  7 howler monkeys
  4 jellies
  8 orc priests
  A hound (D:5)
  4 iguanas
  A sleepcap (D:6)
  Natasha (D:3)
  5 orc wizards
  9 gnolls
  6 adders
  A shadow imp (D:6)
  2 white imps (D:5)
  3 ufetubi
  A dart slug (D:3)
  47 orcs
  7 ball pythons
  6 bats
  7 endoplasms
  5 giant cockroaches
  8 goblins
  9 hobgoblins
  10 jackals
  4 frilled lizards
  20 kobolds
  6 rats
344 creatures vanquished.

Vanquished Creatures (collateral kills)
  A yak (D:8)
1 creature vanquished.

Vanquished Creatures (others)
  10 foxfires
10 creatures vanquished.

Grand Total: 355 creatures vanquished

Notes
Turn   | Place    | Note
-------+----------+-------------------------------------------
     0 | D:1      | pokeman the Deep Elf Hedge Wizard began the quest for the
                  | Orb.
     0 | D:1      | Reached XP level 1. HP: 10/10 MP: 7/7
    30 | D:1      | Found a faded altar of an unknown god.
   244 | D:1      | Reached XP level 2. HP: 11/16 MP: 1/9
   806 | D:1      | Reached skill level 5 in Spellcasting
   870 | D:1      | Reached XP level 3. HP: 17/20 MP: 3/11
   877 | D:1      | Learned a level 3 spell: Mephitic Cloud
   880 | D:1      | Learned a level 2 spell: Call Imp
   883 | D:1      | Learned a level 2 spell: Blink
   887 | D:1      | Learned a level 3 spell: Stone Arrow
  1632 | D:2      | Reached skill level 1 in Armour
  1749 | D:2      | Reached skill level 1 in Fighting
  2259 | D:3      | Found a shimmering altar of Xom.
  2330 | D:3      | Identified the ring "Onum" {rElec Int+3 Dex+3 SInv}
  2390 | D:3      | You fall into a shaft and drop 1 floor!
  2529 | D:3      | Reached XP level 4. HP: 25/25 MP: 10/13
  2750 | D:3      | Noticed Natasha
  2761 | D:3      | Killed Natasha
  3576 | D:4      | Found Idonitof's Distillery.
  3585 | D:4      | Bought a potion of degeneration for 13 gold pieces
  3585 | D:4      | Bought a potion of curing for 39 gold pieces
  3601 | D:4      | Reached skill level 6 in Spellcasting
  3601 | D:4      | Reached XP level 5. HP: 29/29 MP: 8/15
  4290 | D:5      | Entered Level 5 of the Dungeon
  4413 | D:5      | Reached skill level 1 in Air Magic
  4462 | D:5      | Reached skill level 1 in Earth Magic
  4548 | D:5      | Reached skill level 1 in Poison Magic
  4559 | D:5      | Reached XP level 6. HP: 27/34 MP: 13/17
  4614 | D:5      | Reached skill level 7 in Spellcasting
  4614 | D:5      | Reached skill level 1 in Evocations
  4684 | D:5      | Noticed Grinder
  4687 | D:5      | Killed Grinder
  4688 | D:5      | Reached XP level 7. HP: 39/39 MP: 14/20
  4773 | D:5      | Reached skill level 8 in Spellcasting
  4917 | D:5      | Found a runed translucent door.
  4922 | D:5      | Noticed pokeman's ghost (novice DEHW)
  4947 | D:5      | Found an ornate altar of the Wu Jian Council.
  5048 | D:6      | Found a white marble altar of Elyvilon.
  5073 | D:6      | Noticed Eustachio
  5097 | D:6      | Killed Eustachio
  5215 | D:6      | Reached skill level 9 in Spellcasting
  5215 | D:6      | Reached XP level 8. HP: 45/45 MP: 12/23
  5350 | D:6      | Found a sacrificial altar of Ru.
  5353 | D:6      | Noticed Sigmund
  5369 | D:6      | Killed Sigmund
  5410 | D:6      | Reached skill level 5 in Conjurations
  5883 | D:6      | Reached skill level 10 in Spellcasting
  6331 | D:7      | Reached XP level 9. HP: 50/50 MP: 19/25
  6420 | D:7      | Found Geujev's Antique Armour Emporium.
  6556 | D:7      | Found a staircase to the Ecumenical Temple.
  6564 | Temple   | Entered the Ecumenical Temple
  6582 | Temple   | Became a worshipper of Vehumet
  6617 | D:7      | Reached skill level 11 in Spellcasting
  6671 | D:7      | Reached skill level 5 in Earth Magic
  6729 | D:7      | Identified the +0 robe of Bedevilment {Will+ Str+5
                  | Archmagi}
  7057 | D:7      | Noticed a two-headed ogre
  7063 | D:7      | Killed a two-headed ogre
  7070 | D:7      | Reached skill level 12 in Spellcasting
  7846 | D:8      | Noticed a komodo dragon
  7851 | D:8      | Killed a komodo dragon
  7968 | D:8      | Found a blossoming altar of Fedhas.
  8109 | D:8      | Noticed a centaur warrior
  8116 | D:8      | Reached XP level 10. HP: 56/56 MP: 24/28
  8124 | D:8      | Killed a centaur warrior
  8127 | D:8      | Reached skill level 13 in Spellcasting
  8156 | D:8      | Identified the +5 war axe of Spring {flame, rN+ Int+2}
  8156 | D:8      | Noticed a centaur warrior
  8160 | D:8      | Killed a centaur warrior
  8280 | D:8      | Identified the staff of death "Lafiazywn" {rPois rN+}
  8352 | D:8      | Found a staircase to the Lair.
  8420 | D:8      | Reached skill level 1 in Necromancy
  8456 | D:8      | Reached * piety under Vehumet
  8456 | D:8      | Offered knowledge of Shock by Vehumet.
  8477 | D:8      | Noticed a tengu warrior
  8483 | D:8      | Reached skill level 1 in Ice Magic
  8496 | D:8      | Reached skill level 14 in Spellcasting
  8510 | D:8      | Killed a tengu warrior
  8971 | D:8      | Noticed a tengu warrior
  9007 | D:8      | Killed a tengu warrior
  9008 | D:8      | Reached XP level 11. HP: 48/62 MP: 10/31
  9146 | D:9      | Noticed a sun demon
  9554 | D:9      | Found Pomew's Magic Scroll Shoppe.
  9557 | D:9      | Bought a scroll of identify for 30 gold pieces
  9557 | D:9      | Bought a scroll of identify for 30 gold pieces
  9557 | D:9      | Bought a scroll of identify for 30 gold pieces
  9557 | D:9      | Bought a scroll of blinking for 112 gold pieces
  9557 | D:9      | Bought a scroll of identify for 30 gold pieces
  9661 | D:9      | Found a stormy altar of Qazlal.
  9667 | D:9      | Identified the +3 falchion "Zuxta" {vamp, Int+5 Dex-4}
  9851 | D:9      | Offered knowledge of Momentum Strike by Vehumet.
  9871 | D:9      | Reached ** piety under Vehumet
 10032 | D:9      | Noticed a centaur warrior
 10039 | D:9      | Killed a centaur warrior
 10186 | D:9      | Noticed a two-headed ogre
 10191 | D:9      | Killed a two-headed ogre
 10192 | D:9      | Reached skill level 15 in Spellcasting
 10284 | D:9      | Found a staircase to the Orcish Mines.
 10530 | D:10     | Entered Level 10 of the Dungeon
 10779 | D:10     | Reached skill level 5 in Fighting
 11013 | D:10     | Offered knowledge of Poisonous Vapours by Vehumet.
 11234 | D:10     | Reached *** piety under Vehumet
 11281 | D:10     | Reached skill level 16 in Spellcasting
 11369 | D:10     | Found a glowing golden altar of the Shining One.
 11549 | D:10     | Learned a level 4 spell: Iskenderun's Mystic Blast
 11556 | D:10     | Learned a level 6 spell: Starburst
 12119 | D:11     | Noticed a centaur warrior
 12139 | D:11     | Killed a centaur warrior
 12141 | D:11     | Reached skill level 1 in Fire Magic
 12445 | D:11     | Noticed a two-headed ogre
 12449 | D:11     | Killed a two-headed ogre
 12450 | D:11     | Reached XP level 12. HP: 68/68 MP: 31/34
 12468 | D:11     | Noticed a boulder beetle
 12504 | D:11     | Killed a boulder beetle
 12505 | D:11     | Reached skill level 5 in Armour
 12589 | D:11     | Offered knowledge of Sticky Flame by Vehumet.
 12888 | D:12     | Noticed Nergalle
 12895 | D:12     | Killed Nergalle
 12896 | D:12     | Reached skill level 1 in Shields
 12983 | D:12     | Learned a level 1 spell: Foxfire
 12989 | D:12     | Learned a level 5 spell: Fireball
 12996 | D:12     | Learned a level 6 spell: Plasma Beam
 13100 | D:12     | Reached skill level 10 in Conjurations
 13184 | D:12     | Noticed Josephine
 13198 | D:12     | Killed Josephine
 13199 | D:12     | Reached skill level 17 in Spellcasting
 13397 | D:12     | Found a transporter.
 13398 | D:12     | Found a transporter.
 13399 | D:12     | Found a corrupted altar of Lugonu.
 13635 | D:12     | Noticed Nessos
 13641 | D:12     | Killed Nessos
 13877 | D:12     | Noticed an ice dragon
 14157 | D:5      | Killed pokeman's ghost
 14361 | D:13     | Noticed a death knight
 14530 | D:13     | Reached **** piety under Vehumet
 14533 | D:13     | Killed a death knight
 14704 | D:13     | Offered knowledge of Frozen Ramparts by Vehumet.
 14705 | D:13     | Reached skill level 18 in Spellcasting
 14759 | D:13     | Reached skill level 5 in Fire Magic
 14808 | D:13     | Found the +2 Maxwell's thermic engine {flame, freeze, rev}
 14931 | D:13     | Identified the +1 leather armour "Agucvaeq" {Fly rPois
                  | Regen+ Int-2}
 15360 | D:14     | Noticed a six-headed hydra
 15367 | D:14     | Killed a six-headed hydra
 15371 | D:14     | Reached XP level 13. HP: 72/72 MP: 9/37
 15773 | D:14     | Found a gate to the Vaults.
 15890 | D:14     | Found Jeroxzalup's Assorted Antiques.
 15916 | D:14     | Bought a fuming pink potion for 26 gold pieces
 15916 | D:14     | Bought a coppery potion for 26 gold pieces
 15916 | D:14     | Bought 2 scrolls labelled WETOQYKE PIRU for 58 gold pieces
 16081 | D:14     | Reached skill level 19 in Spellcasting
 16443 | D:15     | Entered Level 15 of the Dungeon
 16605 | D:15     | Found Duiboh's Magic Scroll Shoppe.
 16614 | D:15     | Reached skill level 5 in Shields
 16631 | D:15     | Noticed Jorgrun
 16838 | D:15     | Noticed a fire dragon
 16847 | D:15     | Killed from afar by a fire dragon

Illustrated notes

Levels and vault maps discovered:
D:1:      wander_arrival_desolate, layout_basic,
          shapermc_ecumenical_altar_notcrosses
D:2:      layout_basic, grunt_ministairs_15, minmay_misc_feat_room
D:3:      layout_basic, mainiacjoe_overflow_alcove_4, uniq_natasha
D:4:      layout_gridville, serial_shops, nicolae_stop_n_shop_2
D:5:      layout_rooms, nicolae_overflow_crystal_walls,
          ebering_ghost_reflecting_pool, uniq_grinder
D:6:      layout_loops_corners, mainiacjoe_overflow_cross_hatched,
          elyvilon_altar_3, uniq_sigmund, uniq_eustachio
D:7:      layout_layer_cave, minmay_temple_entry_glassed_door, serial_shops,
          shop, lemuel_flamethrower_2
D:8:      minmay_the_grid_triangle_9x9_recursive_2
          [minmay_the_grid_triangle_9x9_prize_schism,
          minmay_the_grid_triangle_9x9_sprig,
          minmay_the_grid_triangle_9x9_shrine,
          minmay_the_grid_triangle_9x9_impossible_snake], layout_basic,
          fedhas_ov_isle_minmay, david_lair_shrubbed
D:9:      layout_stronghold, grunt_qazlal_clouds, hiddenorc2_lemuel,
          serial_shops, nicolae_shop_tiny_real_fake_doors
D:10:     layout_stronghold, lemuel_tele_altar, hangedman_misty_isle
D:11:     layout_irregular_city
D:12:     gammafunk_corrupted_shrine, layout_irregular_city, uniq_nergalle,
          uniq_nessos, uniq_josephine
D:13:     layout_irregular_city, serial_column_ruins, column_ruins_open_large,
          column_ruins_open_tiny, column_ruins_open_small, column_ruins_grid_1,
          column_ruins_grid_3, reono_crystal_passage
D:14:     layout_basic, grunt_vaults_entry_fortified, kennysheep_cluttered_room,
          kennysheep_windowed_goal
D:15:     grunt_enter_depths_snipers, layout_cave_pods, serial_shops,
          nicolae_shop_hallway_plus, minmay_lindwurm_lava, uniq_jorgrun
Temple:   hellmonk_temple_of_storms

Skill      XL: |  1  2  3  4  5  6  7  8  9 10 11 12 13 |
---------------+----------------------------------------+-----
Spellcasting   | 5 6 7 9 10 12 14 16 18 19 | 19.6
Armour         | 1 2 3 4 5 |  5.0
Fighting       | 1 2 3 4 5 |  5.0
Conjurations   | 2 3 4 5 7 8 9 10 11 | 11.9
Stealth        | 3 |  3.0
Dodging        | 3 |  3.1
Air Magic      | 1 |  1.0
Earth Magic    | 1 3 4 6 7 9 |  9.0
Poison Magic   | 1 |  1.0
Evocations     | 1 |  1.2
Necromancy     | 1 |  1.0
Ice Magic      | 1 |  1.0
Fire Magic     | 1 5 7 |  7.2
Shields        | 3 5 |  5.1
Summonings     | |  1.1
Translocations | |  1.1

Action                     |  1- 3 |  4- 6 |  7- 9 | 10-12 | 13-15 || total
---------------------------+-------+-------+-------+-------+-------++-------
  Melee: Dagger            |    40 |     4 |    42 |    83 |       ||   169
         Double sword      |       |       |       |       |     2 ||     2
   Cast: Magic Dart        |   117 |    96 |    58 |    63 |     1 ||   335
         Stone Arrow       |       |     9 |    74 |   175 |    20 ||   278
         Blink             |       |     2 |       |     1 |     1 ||     4
         Mephitic Cloud    |       |     1 |    13 |    48 |     4 ||    66
         Call Imp          |       |       |       |     5 |       ||     5
         Fireball          |       |       |       |    53 |    69 ||   122
         Foxfire           |       |       |       |     6 |       ||     6
         Starburst         |       |       |       |     1 |     6 ||     7
         Iskenderun's Myst |       |       |       |       |     1 ||     1
    Use: Scroll            |       |       |       |    18 |     1 ||    19
   Stab: Confused          |       |       |     4 |     5 |       ||     9
         Distracted        |       |       |       |     1 |       ||     1
 Armour: Robe              |    15 |     5 |     2 |       |       ||    22
         Leather armour    |       |       |     4 |    37 |     3 ||    44
  Dodge: Dodged            |    41 |    16 |    37 |    72 |     7 ||   173

Table legend: (Time is in decaauts)
 A = Elapsed time spent in this place.
 B = Non-inter-level travel time spent in this place.
 C = Inter-level travel time spent in this place.
 D = Time resting spent in this place.
 E = Time spent auto-exploring this place.
 F = Levels seen in this place.
 G = Mean time per level.
                   A        B        C        D        E       F      G
               +--------+--------+--------+--------+--------+-----+--------+
         Total |  16862 |  15417 |   1445 |    974 |  11780 |  16 | 1053.9 |
       Dungeon |  16785 |  15359 |   1426 |    974 |  11773 |  15 | 1119.0 |
        Temple |     77 |     58 |     19 |      0 |      7 |   1 |   77.0 |
               +--------+--------+--------+--------+--------+-----+--------+

Top non-repeatable levels by time:
     D:7: 1704 daAuts
     D:9: 1581 daAuts
    D:10: 1407 daAuts
     D:8: 1368 daAuts
    D:14: 1313 daAuts
     D:2: 1241 daAuts
     D:3: 1205 daAuts
    D:12: 1141 daAuts
     D:6: 1129 daAuts
     D:1: 1081 daAuts
    D:13: 902 daAuts
     D:4: 899 daAuts
    D:11: 860 daAuts
     D:5: 731 daAuts
    D:15: 217 daAuts
